 Dungeon Crawl Stone Soup version 0.29.1-15-g9cfb28693d (webtiles) character file.

Game seed: 2511440453666855920

42 Sanktem7 the Trooper (level 3, 0/34 HPs)
             Began as a Minotaur Fighter on Mar 3, 2023.
             Slain by a hobgoblin
             ... wielding a +0 club
              (4 damage)
             ... on level 3 of the Dungeon.
             The game lasted 00:02:15 (1443 turns).

Sanktem7 the Trooper (Minotaur Fighter)             Turns: 1443, Time: 00:02:16

Health: 0/34       AC:  7    Str: 22    XL:     3   Next: 35%
Magic:  2/2        EV:  9    Int:  5    God:
Gold:   94         SH:  4    Dex:  9    Spells: 2/2 levels left

rFire   + . .      SeeInvis .   a - +0 war axe {axe}
rCold   x . .      Faith    .   c - +0 buckler
rNeg    + . .      Spirit   .   b - +0 scale mail
rPois   .          Reflect  .   (helmet restricted)
rElec   .          Harm     .   (no cloak)
rCorr   .          Rampage  .   (no gloves)
Will    .....                   (no boots)
Stlth   ..........              (no amulet)
HPRegen 0.11/turn               e - ring of positive energy
MPRegen 0.08/turn               h - ring of fire

@: no status effects
A: horns 2, retaliatory headbutt
a: no special abilities


You were on level 3 of the Dungeon.
You visited 1 branch of the dungeon, and saw 3 of its levels.

You collected 94 gold pieces.


Innate Abilities, Weirdness & Mutations

You have a pair of horns on your head.
You reflexively headbutt those who attack you in melee.


   Skills:
 * Level 4.4 Fighting
 * Level 3.5 Axes
 + Level 4.0 Armour
 - Level 3.6 Shields


You had 2 spell levels left.
You didn't know any spells.
Your spell library contained the following spells:

 Spells                   Type           Power      Damage    Failure   Level
 Freeze                   Ice            0%         1d3       87%         1
 Summon Small Mammal      Summ           0%         N/A       87%         1
 Blink                    Tloc           0%         N/A       95%         2
 Call Canine Familiar     Summ           0%         N/A       99%         3
 Frozen Ramparts          Ice            0%         1d1       99%         3
 Summon Guardian Golem    Hex/Summ       0%         N/A       99%         3
 Hailstorm                Conj/Ice       0%         3d3       100%        4
 Manifold Assault         Tloc           0%         N/A       100%        5
 Storm Form               Tmut/Air       0%         N/A       100%        7

Inventory:

Hand Weapons
 a - a +0 war axe (weapon) {axe}
Missiles
 f - 14 stones (quivered) {throwing}
 o - 3 curare-tipped darts {=fthrowing}
Armour
 b - a +0 scale mail (worn)
 c - a +0 buckler (worn)
Jewellery
 e - a ring of positive energy (left hand)
   (You found it on level 1 of the Dungeon)
 h - a ring of fire (right hand)
   (You found it on level 1 of the Dungeon)
Scrolls
 i - 2 scrolls of teleportation {unknown}
 j - a scroll of vulnerability {unknown}
 l - a scroll of silence {unknown}
Potions
 d - a potion of might
 g - a potion of magic {unknown}
 k - a potion of lignification {unknown}
 m - a potion of heal wounds {unknown}
 n - a potion of curing {unknown}
 p - a potion of mutation {unknown}
 q - a potion of attraction {unknown}

Dungeon Overview and Level Annotations

Branches:
Dungeon (3/15) Zot: 16526

Altars:

.#.###......~##..#
.#.###......~~#^.########
.#..........~≈##..#.....#
.#....###.#~~~≈#..#####.#
.#..### #.#~~~~#..# #.#
<#..# #.#~~~≈#..### #.#
.#..# #.##~≈##..#.###.#
.#..#####.##~~#gK##..##.#
..........###~#.@#....#.#
##..####### #.#..#...##.#
##..##### #.#......##.##
...[....# #.#.)))#.....#
#.###.#.# #.###.###....#
.. ... #.# #..#.....# #.
...# #.# ##...##### #.
...# #.# ##.## ##
#..#####.# #.#


You could see a kobold brigand (fast) and a hobgoblin.


Message History

😎 HP[+1]
Your hp is fully restored (34).
You slash the kobold!
You kill the kobold!
No target in view!
No target in view!
No target in view!
No target in view!
No target in view!
No target in view!
No target in view!
No target in view!
No target in view!
Things that are here:
a +0 club {mace}; a +0 dagger {short}
Things that are here:
a +0 club {mace}; a bat corpse
q - a fuming cyan potion A kobold comes into view.
It is wielding a +0 dagger.
A kobold is nearby!
The kobold shouts!
You hear a shout!
A kobold brigand comes into view.
It is wielding a +0 trident and quivering poisoned darts.
The kobold brigand shouts!
The kobold brigand drinks a potion.
The kobold brigand seems to speed up.
You closely miss the kobold. The kobold hits you with a +0 dagger.
A kobold comes into view. It is wielding a +0 club.
The kobold closely misses you. 😕 HP[-1]
You take 1 damage, and now have 33/34 hp.
You hit the kobold but do no damage. Your headbutt misses the kobold.
A hobgoblin comes into view. It is wielding a +0 club.
The kobold brigand throws a poisoned dart.
The poisoned dart hits you.
You are poisoned.
You feel sick. You block the kobold's attack.
The kobold brigand throws a poisoned dart.
The poisoned dart hits you!
You are more poisoned. 😕 HP[-1]
You take 1 damage, and now have 32/34 hp.
You feel very sick. 😕 HP[-3]
You take 3 damage, and now have 29/34 hp.
You feel very sick. 😕 HP[-3]
You take 3 damage, and now have 26/34 hp.
You feel sick. 😮 HP[-2]
You take 2 damage, and now have 24/34 hp.
You hit the kobold.
You kill the kobold!
You feel sick.
You block the kobold brigand's attack. x2 😮 HP[-2]
You take 2 damage, and now have 22/34 hp.
You feel sick.
The hobgoblin shouts!
The kobold brigand completely misses you.
Things that are here:
a +0 dagger {short}; a kobold corpse; 😮 HP[-1]
You take 1 damage, and now have 21/34 hp.
You hit the kobold brigand but do no damage.
You hit the kobold.
You feel sick.
The kobold brigand completely misses you.
The kobold brigand hits you but does no damage.
The kobold closely misses you. You furiously retaliate!
You headbutt the kobold!
You kill the kobold! 😮 HP[-2]
You take 2 damage, and now have 19/34 hp.
You hit the kobold brigand but do no damage.
You feel sick.
You block the kobold brigand's attack. x2 😮 HP[-1]
You take 1 damage, and now have 18/34 hp.
You closely miss the kobold brigand.
You feel sick.
You are no longer poisoned.
The kobold brigand closely misses you. You furiously retaliate!
You headbutt the kobold brigand, but do no damage.
The kobold brigand hits you with a +0 trident.
* * * LOW HITPOINT WARNING * * *
😨 HP[-3]
You take 3 damage, and now have 15/34 hp.
You hit the kobold brigand.
Your headbutt misses the kobold brigand.
You hit the hobgoblin.
The kobold brigand hits you but does no damage.
The kobold brigand hits you with a +0 trident.
* * * LOW HITPOINT WARNING * * *
The hobgoblin barely misses you.
The kobold brigand hits you with a +0 trident.
* * * LOW HITPOINT WARNING * * *
😱 HP[-11]
You take 11 damage, and now have 4/34 hp.
MASSIVE DAMAGE!! (PAUSE)
You miss the kobold brigand.
Your headbutt misses the kobold brigand.
You hit the hobgoblin but do no damage. You block the kobold brigand's attack.
The hobgoblin hits you but does no damage.
You block the kobold brigand's attack. The hobgoblin hits you with a +0 club.
You die...

Skill      XL: |  1  2  3 |
---------------+----------+-----
Fighting       | 4 |  4.4
Axes           | 3 |  3.5
Armour         | 4 |  4.0
Shields        | |  3.6

Action                   || total
-------------------------++-------
Melee: War axe           ||    72
       Headbutt          ||     9
Armor: Scale mail        ||    39
Dodge: Dodged            ||    49
Block: Buckler           ||    26

Levels and vault maps discovered:
D:1:      onia_arrival_zoo_common, layout_basic,
          hellmonk_ecumenical_altar_crossroads, minmay_misc_feat_more_columns
D:2:      layout_basic
D:3:      cheibrodos_thug_alley, layout_loops_ring, doesnt_xom_only_xom

Notes
Turn   | Place    | Note
-------+----------+-------------------------------------------
     0 | D:1      | Sanktem7 the Minotaur Fighter began the quest for the Orb.
     0 | D:1      | Reached XP level 1. HP: 19/19 MP: 0/0
     0 | D:1      | magus.rc [v1.9.6]
     6 | D:1      | Noticed a black bear
     6 | D:1      | Noticed a redback
     7 | D:1      | Noticed a black mamba
   335 | D:1      | Found a faded altar of an unknown god.
   360 | D:1      | You pick up a book of Callings and begin reading...
   360 | D:1      | You add the spells Summon Small Mammal, Call Canine
                  | Familiar and Summon Guardian Golem to your library.
   406 | D:1      | Reached XP level 2. HP: 27/27 MP: 1/1
   439 | D:1      | You fall into a shaft and drop 1 floor!
   478 | D:2      | Reached skill level 4 in Fighting
   513 | D:2      | Reached skill level 3 in Axes
   760 | D:2      | You add the spells Blink, Manifold Assault and Storm Form
                  | to your library.
   774 | D:2      | Reached XP level 3. HP: 33/33 MP: 2/2
   938 | D:2      | Reached skill level 4 in Armour
  1364 | D:3      | You pick up a book of Frost and begin reading...
  1364 | D:3      | You add the spells Freeze, Frozen Ramparts and Hailstorm to
                  | your library.
  1430 | D:3      | Noticed a kobold brigand
  1442 | D:3      | HP: 4/34 [kobold brigand/+0 trident (5)]
  1443 | D:3      | Slain by a hobgoblin

Vanquished Creatures
  2 worms (D:2)
  A ball python (D:1)
  7 bats
  2 endoplasms
  2 goblins (D:2)
  6 jackals (D:2)
  7 kobolds
  A quokka (D:1)
  3 frilled lizards (D:2)
  2 rats (D:1)
33 creatures vanquished.

Table legend:
 A = Non-vault XP
 B = Vault XP
 C = Vault XP percentage of total XP
 D = Non-vault monster count
 E = Vault monster count
 F = Vault count percentage of total count
                 A         B        C        D         E       F
            +---------+---------+-------+---------+---------+-------
      Total |      52 |       9 |  14.8 |      27 |       6 |  18.2
            +---------+---------+-------+---------+---------+-------
        D:1 |      14 |       0 |   0.0 |       8 |       0 |   0.0
        D:2 |      35 |       0 |   0.0 |      17 |       0 |   0.0
        D:3 |       3 |       9 |  75.0 |       2 |       6 |  75.0
            +---------+---------+-------+---------+---------+-------

Illustrated notes

Table legend:
 A = Kills in this place as a percentage of kills in entire the game.
 B = Kills by you in this place as a percentage of kills by you in the entire game.
 C = Kills by friends in this place as a percentage of kills by friends in the entire game.
 D = Other kills in this place as a percentage of other kills in the entire game.
 E = Experience gained in this place as a percentage of experience gained in the entire game.
 F = Experience gained in this place divided by the number of levels of this place that you have seen.
                   A       B       C       D       E      F
               +-------+-------+-------+-------+-------+----------------------
         Total | 100.0 | 100.0 |   N/A |   N/A | 100.0 |  20.3
       Dungeon | 100.0 | 100.0 |   N/A |   N/A | 100.0 |  20.3
               +-------+-------+-------+-------+-------+----------------------

Table legend: (Time is in decaauts)
 A = Elapsed time spent in this place.
 B = Non-inter-level travel time spent in this place.
 C = Inter-level travel time spent in this place.
 D = Time resting spent in this place.
 E = Time spent auto-exploring this place.
 F = Levels seen in this place.
 G = Mean time per level.
                   A        B        C        D        E       F      G
               +--------+--------+--------+--------+--------+-----+--------+
         Total |   1472 |   1467 |      5 |      0 |   1275 |   3 |  490.7 |
       Dungeon |   1472 |   1467 |      5 |      0 |   1275 |   3 |  490.7 |
               +--------+--------+--------+--------+--------+-----+--------+

Top non-repeatable levels by time:
     D:2: 877 daAuts
     D:1: 443 daAuts
     D:3: 151 daAuts
